 Dungeon Crawl Stone Soup version 0.24.0-13-gcf9b319 (webtiles) character file.

Game seed: 7570886781791798087, levelgen mode: deterministic

6422 Fang the Fighter (level 10, -7/99 HPs)
             Began as a Gargoyle Berserker on Nov 21, 2019.
             Was a High Priest of Trog.
             Mangled by a two-headed ogre
             ... wielding a +0 giant club
              (19 damage)
             ... on level 9 of the Dungeon.
             The game lasted 00:09:04 (8529 turns).

Fang the Fighter (Gargoyle Berserker)               Turns: 8529, Time: 00:09:04

Health: -7/99      AC: 21    Str: 28    XL:     10   Next: 98%
Magic:  10/10      EV: 13    Int:  9    God:    Trog [*****.]
Gold:   625        SH:  3    Dex:  9    Spells: 9/9 levels left

rFire    . . .     SeeInvis .   a - +1 hand axe
rCold    . . .     Gourm    .   (no shield)
rNeg     + . .     Faith    .   b - +0 chain mail
rPois    ∞         Spirit   .   u - +2 helmet
rElec    +         Reflect  +   (no cloak)
rCorr    .         Harm     .   (no gloves)
MR       .....                  (no boots)
Stlth    ..........             l - +3 amulet of reflection
HPRegen  0.26/turn              z - +2 ring of evasion
MPRegen  0.12/turn              (no ring)

@: berserking, starving, very quick
A: negative energy resistance 1, electricity resistance, unbreathing,
petrification resistance, rot immunity, AC +7
a: Berserk, Trog's Hand, Brothers in Arms, Renounce Religion


You were on level 9 of the Dungeon.
You worshipped Trog.
Trog was extremely pleased with you.
You were starving.

You visited 2 branches of the dungeon, and saw 10 of its levels.

You collected 625 gold pieces.

Inventory:

Hand Weapons
 a - a +1 hand axe (weapon)
Armour
 b - a +0 chain mail (worn)
 u - a +2 helmet (worn)
Jewellery
 l - a +3 amulet of reflection (around neck)
 q - an uncursed amulet of guardian spirit
 z - a +2 ring of evasion (left hand)
Wands
 p - a wand of paralysis (19)
 y - a wand of enslavement (9)
 A - a wand of iceblast (8)
 F - a wand of acid (6)
Scrolls
 e - 3 scrolls of remove curse
 f - 5 scrolls of fear
 g - 2 scrolls of fog {unknown}
 j - 9 scrolls of identify
 k - 5 scrolls of teleportation
 m - a scroll of enchant weapon
 r - a scroll of noise {unknown}
 t - a scroll of magic mapping {unknown}
 v - a scroll of blinking {unknown}
 B - a scroll of immolation {unknown}
 D - a scroll of amnesia {unknown}
Potions
 d - a potion of magic
 h - 2 potions of brilliance {unknown}
 i - 4 potions of curing {unknown}
 n - 2 potions of haste {unknown}
 o - a potion of agility {unknown}
 s - a potion of resistance {unknown}
 w - 2 potions of flight {unknown}
 x - a potion of might {unknown}
 C - a potion of degeneration {unknown}
 E - a potion of heal wounds {unknown}
Comestibles
 c - 18 rations


   Skills:
 + Level 9.5 Fighting
 + Level 8.0 Axes
 + Level 9.2 Armour
 + Level 7.0 Dodging


You had 9 spell levels left.
You didn't know any spells.
Your spell library was empty.

Dungeon Overview and Level Annotations

Branches:
Dungeon (9/15)             Temple (1/1) D:6
   Lair: D:8-11         Orc: D:9-12

Altars:
Ashenzari
Elyvilon
Makhleb
Ru
Vehumet
Wu Jian
Zin

Shops:
D:4 ?%*=


Innate Abilities, Weirdness & Mutations

You are resistant to torment.
Your stone body is resilient. (AC +7)
You are immune to poison.
You resist negative energy. (rN+)
You are resistant to electric shocks. (rElec)
You can survive without breathing.
You are immune to petrification.
You are immune to rotting.


Message History

You kill the troll!
Trog accepts your kill.
Your Axes skill increases to level 8!
The two-headed ogre misses you.
The two-headed ogre hits you but does no damage.
You closely miss the two-headed ogre.
The two-headed ogre is moderately wounded.
You hit the two-headed ogre.
The two-headed ogre is heavily wounded.
The two-headed ogre hits you with a +0 giant club.
* * * LOW HITPOINT WARNING * * *
The two-headed ogre closely misses you.
You hit the two-headed ogre.
The two-headed ogre is heavily wounded.
Your chain mail prevents you from hitting the two-headed ogre.
The two-headed ogre is heavily wounded.
The two-headed ogre hits you with a +0 giant club.
* * * LOW HITPOINT WARNING * * *
The two-headed ogre hits you with a +0 giant spiked club!!
You die...

#..........#........######
#.....######.............#
#.....#..................#
#..................#
#..................#
#...........#####..#
##...........#...#..#
.............#...#..#
.......@.....#...'..#
####..O......#####..#
#......<.........#
#..............###
#..............#
#..............#
#..........:...#
#..############# ###


You could see a two-headed ogre.

Vanquished Creatures
  Pikel (D:5)
  2 trolls
  A polar bear (D:8)
  2 hornets (D:8)
  2 hippogriffs
  Sigmund (D:6)
  4 yaks (D:8)
  A wyvern (D:9)
  A hungry ghost (D:8)
  A soldier ant (D:8)
  Duvessa (D:5)
  A phantom (D:8)
  5 ice beasts
  3 slaves (D:5)
  An orc warrior (D:7)
  6 ogres
  A sky beast (D:6)
  3 wolves (D:8)
  A centaur (D:5)
  2 big kobolds
  5 bullfrogs
  Dowan (D:5)
  3 killer bees (D:7)
  A scorpion (D:5)
  2 howler monkeys
  A bullfrog zombie (D:5)
  A crimson imp (D:5)
  3 hounds
  A quasit (D:9)
  2 jellies
  2 bullfrog skeletons
  3 orc priests
  4 orc wizards
  An iguana (D:4)
  Natasha (D:3)
  4 worker ants
  A killer bee simulacrum (D:8)
  15 adders
  4 gnolls (D:6)
  A shadow imp (D:8)
  3 white imps (D:8)
  A howler monkey simulacrum (D:8)
  A worker ant simulacrum (D:8)
  An ufetubus (D:8)
  3 adder skeletons
  2 adder zombies
  2 worms
  A dart slug (D:2)
  6 leopard geckos
  16 orcs
  7 bats
  5 giant cockroaches
  8 goblins
  5 hobgoblins
  11 jackals
  15 kobolds
  A quokka (D:8)
  7 frilled lizards
  A leopard gecko zombie (D:7)
  2 quokka skeletons
  A quokka zombie (D:7)
  6 rats
201 creatures vanquished.

Notes
Turn   | Place    | Note
-------+----------+-------------------------------------------
     0 | D:1      | Fang the Gargoyle Berserker began the quest for the Orb.
     0 | D:1      | Reached XP level 1. HP: 14/14 MP: 1/1
   312 | D:1      | Reached XP level 2. HP: 6/19 MP: 2/2
   879 | D:2      | Reached XP level 3. HP: 13/23 MP: 3/3
   887 | D:2      | Reached ** piety under Trog
  1723 | D:3      | Reached XP level 4. HP: 27/29 MP: 4/4
  2280 | D:3      | Reached XP level 5. HP: 28/33 MP: 5/5
  2293 | D:3      | Noticed Natasha
  2313 | D:3      | Killed Natasha
  3215 | D:4      | Reached XP level 6. HP: 28/39 MP: 6/6
  3309 | D:4      | Reached *** piety under Trog
  3380 | D:4      | Found Xemoec's Magic Scroll Boutique.
  3665 | D:4      | Found Fuggis's Food Shoppe.
  3960 | D:4      | Reached skill level 5 in Fighting
  3960 | D:4      | Reached XP level 7. HP: 33/44 MP: 7/7
  4064 | D:4      | Found Xetagyse's Assorted Antiques.
  4093 | D:4      | Found Sianaez's Jewellery Shop.
  4339 | D:5      | Entered Level 5 of the Dungeon
  4383 | D:5      | Reached skill level 5 in Armour
  4448 | D:5      | Reached XP level 8. HP: 37/51 MP: 8/8
  4516 | D:5      | Reached skill level 5 in Axes
  4592 | D:5      | Noticed Pikel
  4613 | D:5      | Killed Pikel
  4773 | D:5      | Noticed Duvessa
  4774 | D:5      | Noticed Dowan
  4799 | D:5      | Killed Dowan
  4806 | D:5      | Killed Duvessa
  5087 | D:5      | Reached XP level 9. HP: 52/56 MP: 9/9
  5308 | D:6      | Found a shattered altar of Ashenzari.
  5311 | D:6      | Noticed Sigmund
  5318 | D:6      | Killed Sigmund
  5318 | D:6      | Reached skill level 5 in Dodging
  5494 | D:6      | Found a staircase to the Ecumenical Temple.
  5518 | Temple   | Entered the Ecumenical Temple
  5718 | D:6      | Found a sacrificial altar of Ru.
  5729 | D:6      | Reached **** piety under Trog
  6210 | D:7      | Found an ornate altar of the Wu Jian Council.
  6474 | D:7      | Found a burning altar of Makhleb.
  6479 | D:7      | Found a glowing silver altar of Zin.
  6479 | D:7      | Noticed a blizzard demon
  6479 | D:7      | Noticed an angel
  6750 | D:8      | Noticed a polar bear
  6758 | D:8      | Reached XP level 10. HP: 64/64 MP: 10/10
  6979 | D:8      | Found a glowing silver altar of Zin.
  7064 | D:8      | Reached ***** piety under Trog
  8506 | D:9      | Noticed a two-headed ogre
  8529 | D:9      | Mangled by a two-headed ogre

Levels and vault maps discovered:
D:1:      lemuel_arrival_broad_hall, layout_basic, chequers_jeans
D:2:      layout_loops_ring
D:3:      layout_basic, amethyst_killhole, minmay_crystal_water, uniq_natasha
D:4:      layout_loops_corners, serial_shops, shop, kennysheep_mini_moat, shop,
          shop
D:5:      layout_basic, first_ration, uniq_duvessa, uniq_pikel
D:6:      layout_loops_ring, nicolae_ru_sacrificial_ziggurat,
          minmay_temple_entry_large_hall, evilmike_ruin_ashenzari, uniq_sigmund
D:7:      layout_cave_pools, old_standard_altar,
          grunt_temple_overflow_order_and_chaos_2
D:8:      layout_basic, basic_altar, serial_ice, serial_ice_h, serial_ice_a,
          serial_ice_o, serial_ice_f, serial_ice_k, serial_ice_b,
          hangedman_pestilent_swarm, chequers_garden, hangedman_minor_gate_pass
D:9:      layout_irregular_city
Temple:   compressed_dpeg_circular_temple

Skill      XL: |  1  2  3  4  5  6  7  8  9 10 |
---------------+-------------------------------+-----
Axes           | 3 4 5 6 8 |  8.0
Dodging        | 2 3 4 6 7 |  7.0
Armour         | 3 4 5 6 7 9 |  9.2
Fighting       | 4 5 6 8 9 |  9.5

Action                   |  1- 3 |  4- 6 |  7- 9 | 10-12 || total
-------------------------+-------+-------+-------+-------++-------
Melee: Hand axe          |   124 |   205 |   350 |   365 ||  1044
Invok: Berserk           |     1 |     3 |     7 |     3 ||    14
  Use: Scroll            |       |       |     5 |     1 ||     6
 Stab: Sleeping          |     2 |       |       |       ||     2
  Eat: Chunk             |     3 |     9 |    12 |    11 ||    35
       Ration            |       |       |     1 |       ||     1
Armor: Animal skin       |    51 |    64 |    99 |       ||   214
       Chain mail        |       |       |   127 |   213 ||   340
Dodge: Dodged            |    94 |   144 |   263 |   221 ||   722
Block: Other             |     4 |    32 |    46 |    52 ||   134
       Reflection        |       |     1 |       |       ||     1
